 Dungeon Crawl Stone Soup version 0.15.0-14-g6bbbb5c (webtiles) character file.

94 Johnny the Firebug (level 4, -2/35 HPs)
             Began as a Demigod Fire Elementalist on Sept 5, 2014.
             Killed from afar by Terence (7 damage)
             ... with a wand of magic darts
             ... on Level 3 of the Dungeon.
             The game lasted 00:08:49 (2864 turns).

Johnny the Firebug (Demigod Fire Elementalist)      Turns: 2864, Time: 00:08:50

HP  -2/35        AC  4     Str 15      XL: 4   Next: 16%
MP  20/20        EV 13     Int 20      God:
Gold 136         SH  0     Dex 18      Spells:  2 memorised,  2 levels left

rFire  . . .     SeeInvis .     u - +4 quarterstaff
rCold  . . .     Clarity  .     a - +0 robe
rNeg   . . .     rCorr    .     (no shield)
rPois  .         rRot     .     l - +1 helmet
rElec  .         Spirit   .     (no cloak)
SustAb .         Warding  .     (no gloves)
rMut   .         Stasis   .     (no boots)
Gourm  .                        (no amulet)
MR     .....                    m - +4 ring of strength
                                r - ring of magical power

@: very slightly contaminated, not resistant to hostile enchantments, unstealthy
A: no striking features
a: no special abilities


You were on level 3 of the Dungeon.
You were not hungry.

You visited 1 branch of the dungeon, and saw 3 of its levels.

You collected 136 gold pieces.

Inventory:

Hand weapons
 f - a +0 short sword
 o - a +0 war axe
 u - a +4 quarterstaff (weapon)
Armour
 a - a +0 robe (worn)
 l - a +1 helmet (worn)
Comestibles
 c - 2 bread rations
 n - 2 fruits
Scrolls
 e - a scroll of noise {unknown}
 g - a scroll of teleportation {unknown}
 h - 2 scrolls of amnesia
 j - 2 scrolls of enchant armour
 t - a scroll of identify {unknown}
Jewellery
 m - a +4 ring of strength (right hand)
 r - a ring of magical power (left hand)
Potions
 i - a potion of curing {unknown}
 k - a potion of cancellation {unknown}
 p - 2 potions of haste {unknown}
 q - a potion of cure mutation {unknown}
 s - a potion of heal wounds {unknown}
Books
 b - a book of Flames

   Spells                             Type                      Level
   *Flame Tongue                      Conjuration/Fire             1
   Throw Flame                        Conjuration/Fire             2
   Conjure Flame                      Conjuration/Fire             3
   Inner Flame                        Hexes/Fire                   3
   *Sticky Flame                      Conjuration/Fire             4
   Fireball                           Conjuration/Fire             5


   Skills:
 + Level 1.0 Fighting
 + Level 0.5 Short Blades
 + Level 2.4 Dodging
 + Level 2.1 Stealth
 + Level 2.4 Spellcasting
 + Level 1.2 Conjurations
 + Level 3.2 Fire Magic


You had 2 spell levels left.
You knew the following spells:

 Your Spells              Type           Power        Failure   Level  Hunger
a - Flame Tongue          Conj/Fire      ##...        10%         1    #......
b - Sticky Flame          Conj/Fire      ##......     71%         4    #####..


Dungeon Overview and Level Annotations

Branches:
Dungeon (3/15)

Annotations:
D:3 Terence


Message History

Aiming: Flame Tongue
Press: ? - help, Shift-Dir - straight line, f/p - adder
Aim: an adder (severely wounded)
The flame tongue hits the adder.
You kill the adder!
Terence zaps a wand.
The magic dart hits you!
Terence zaps a wand.
The magic dart hits you!
Terence zaps a wand.
The magic dart hits you!
* * * LOW HITPOINT WARNING * * *
Eat which item? (? for menu, Esc to quit)
Okay, then.
Drink which item? (? for menu, Esc to quit)
Okay, then.
Read which item? (? for menu, Esc to quit)
Okay, then.
Read which item? (? for menu, Esc to quit)
As you read the scroll of fear, it crumbles to dust.
You assume a fearsome visage.
Terence looks frightened!
Terence zaps a wand.
The magic dart hits you!
You die...

####.### #.....# #.#
##.## ####### #.#
#...### #.# #.....# #.#
#...#.# #.# ####
#####.# #.# ###... #.#
########.# ##..... #.#
#....@...###..#...
#.####@####..###.#.....
#......# ##.##.#..#)#
######## #.#.......##
#.#.#.#.#.$.
#.@.%....#..
#....@##..#.
##....##...#
#...#...... #........#.


You could see Terence (fleeing).

Vanquished Creatures
  4 adders
  A worm (D:2)
  2 giant geckos (D:1)
  11 bats
  3 giant cockroaches
  8 goblins
  5 hobgoblins
  2 ball pythons (D:2)
  2 giant newts
  10 kobolds
  A kobold skeleton (D:3)
  4 rats
53 creatures vanquished.

Notes
Turn   | Place    | Note
--------------------------------------------------------------
     0 | D:1      | Johnny, the Demigod Fire Elementalist, began the quest for the Orb.
     0 | D:1      | Reached XP level 1. HP: 14/14 MP: 3/3
   113 | D:1      | Reached skill level 3 in Fire Magic
   488 | D:1      | Reached XP level 2. HP: 20/20 MP: 1/4
  1507 | D:2      | Reached skill level 1 in Conjurations
  1507 | D:2      | Reached XP level 3. HP: 27/27 MP: 3/8
  1931 | D:2      | Found a stormy altar of Qazlal.
  1979 | D:2      | Reached skill level 1 in Fighting
  2363 | D:3      | Reached XP level 4. HP: 35/35 MP: 10/10
  2798 | D:3      | Noticed Terence
  2823 | D:3      | Learned a level 4 spell: Sticky Flame
  2864 | D:3      | Killed from afar by Terence

Action                   |  1- 3 |  4- 6 || total
-------------------------+-------+-------++-------
Melee: Short sword       |    55 |       ||    55
       War axe           |    11 |    13 ||    24
       Quarterstaff      |       |     1 ||     1
 Cast: Flame Tongue      |    61 |     4 ||    65
  Use: Scroll            |     3 |     1 ||     4
  Eat: Chunk             |     5 |       ||     5
       Fruit             |       |     2 ||     2
